 Dungeon Crawl Stone Soup version 0.28-a0-1638-g9123634e07 (webtiles) character file.

Game seed: 7818684613654246248

40 cyrus the Caller (level 3, -2/24 HPs)
             Began as a Barachi Summoner on Jan 25, 2022.
             Slain by Sigmund (6 damage)
             ... on level 2 of the Dungeon.
             The game lasted 00:08:07 (1983 turns).

cyrus the Caller (Barachi Summoner)                 Turns: 1983, Time: 00:08:08

Health: -2/24      AC:  3    Str:  9    XL:     3   Next: 50%
Magic:  3/6        EV: 12    Int: 17    God:
Gold:   41         SH:  0    Dex: 12    Spells: 1/7 levels left

rFire   . . .      SeeInvis .   b - +0 short sword (venom)
rCold   . . .      Faith    .   (no shield)
rNeg    . . .      Spirit   .   a - +0 robe
rPois   .          Reflect  .   f - +0 helmet
rElec   .          Harm     .   (no cloak)
rCorr   .          Rampage  .   (no gloves)
Will    .....                   (no boots)
Stlth   ++........              (no amulet)
HPRegen 0.08/turn               (no ring)
MPRegen 0.10/turn               (no ring)

@: slow
A: amphibious, slowness 1, strong legs 1, +LOS
a: Hop


You were on level 2 of the Dungeon.
You visited 1 branch of the dungeon, and saw 2 of its levels.

You collected 41 gold pieces.

Inventory:

Hand Weapons
 b - a +0 short sword of venom (weapon)
Armour
 a - a +0 robe (worn)
 f - a +0 helmet (worn)
 h - a +0 chain mail
Scrolls
 c - 2 scrolls of identify {unknown}
 d - a scroll of fear {unknown}
 g - a scroll of magic mapping {unknown}
Potions
 e - a potion of lignification {unknown}


   Skills:
 + Level 0.2 Fighting
 + Level 0.4 Short Blades
 + Level 2.4 Dodging
 + Level 2.0 Stealth
 + Level 0.4 Unarmed Combat
 + Level 2.5 Spellcasting
 + Level 5.6 Summonings


You had one spell level left.
You knew the following spells:

 Your Spells              Type           Power      Damage    Failure   Level
a - Summon Small Mammal   Summ           84%        N/A       1%          1
b - Call Imp              Summ           21%        N/A       2%          2
c - Call Canine Familiar  Summ           21%        N/A       5%          3

Your spell library contained the following spells:

 Spells                   Type           Power      Damage    Failure   Level
 Apportation              Tloc           4%         N/A       19%         1
 Summon Guardian Golem    Hex/Summ       11%        N/A       17%         3
 Summon Lightning Spire   Summ/Air       11%        N/A       50%         4
 Alistair's Intoxication  Tmut/Pois      1%         N/A       99%         5


Dungeon Overview and Level Annotations

Branches:
Dungeon (2/15)

Altars:

Annotations:
D:2 Sigmund


Innate Abilities, Weirdness & Mutations

You are amphibious.
You cover ground slowly.
You can hop short distances.
You have an extended range of vision and can be seen from far away.


Message History

The quokka bites your rat.
Your rat dies!
Your rat's corpse disappears in a puff of smoke!
Your bat hits the quokka but does no damage.
Casting: Summon Small Mammal (safe; 1% risk of failure)
Confirm with . or Enter, or press ? or * to list all spells.
Your bat barely misses the quokka.
Your bat hits the quokka.
The quokka bites you but does no damage.
Your bat hits the quokka but does no damage.
The quokka barely misses your bat.
Your bat barely misses the quokka.
Your bat hits the quokka.
You hear some strange, mumbled words.
Your quokka appears confused.
Casting: Summon Small Mammal (safe; 1% risk of failure)
Confirm with . or Enter, or press ? or * to list all spells.
Your bat disappears in a puff of smoke!
The quokka bites you but does no damage.
Your quokka barely misses something.
The quokka bites your bat.
Your bat closely misses the quokka.
A magic dart appears from out of thin air!
The magic dart hits your bat!
Your bat dies!
Your bat's corpse disappears in a puff of smoke!
Your quokka misses something. Something hits you!
Your quokka closely misses the quokka.
You barely miss the quokka.
The quokka is heavily wounded.
The quokka misses you. The quokka barely misses you. Something hits you!
* * * LOW HITPOINT WARNING * * *
x2
Casting: Summon Small Mammal (safe; 1% risk of failure)
Confirm with . or Enter, or press ? or * to list all spells.
The quokka completely misses you.
You swap places.
The quokka bites your rat.
Your rat dies!
Your rat's corpse disappears in a puff of smoke!
You barely miss the quokka.
The quokka is heavily wounded.
The quokka completely misses you. Something hits you.
You die...

#.................#####...
#........................
#############..........# ##
#..........#...
###...##......#
♣♣####†..........#
♣♣P.#..............
♣♣PP..............##
♣.P@r.........#....#
♣.♣...#....#...# ...#
♣♣♣##....#........#
#....#....... #
##############..>.++.......+
#................r.#.......#
#...........................
#.........####.....#####...#
#.........# #.......# #..


You could see a quokka.

Vanquished Creatures
  3 ball pythons
  An endoplasm (D:2)
  3 goblins
  3 hobgoblins
  2 kobolds (D:1)
  A rat (D:1)
13 creatures vanquished.

Vanquished Creatures (collateral kills)
  An adder (D:2)
  2 endoplasms (D:1)
  A giant cockroach (D:1)
  2 goblins (D:1)
  3 kobolds
  2 quokkas
  A ball python (D:1)
  A bat (D:1)
  A rat (D:2)
14 creatures vanquished.

Grand Total: 27 creatures vanquished

Notes
Turn   | Place    | Note
-------+----------+-------------------------------------------
     0 | D:1      | cyrus the Barachi Summoner began the quest for the Orb.
     0 | D:1      | Reached XP level 1. HP: 13/13 MP: 3/3
   140 | D:1      | Reached skill level 5 in Summonings
   312 | D:1      | Reached XP level 2. HP: 9/19 MP: 5/5
   315 | D:1      | Learned a level 2 spell: Call Imp
  1404 | D:2      | Reached XP level 3. HP: 13/24 MP: 4/6
  1408 | D:2      | Learned a level 3 spell: Call Canine Familiar
  1961 | D:2      | Noticed Sigmund
  1983 | D:2      | Slain by Sigmund

Illustrated notes

Levels and vault maps discovered:
D:1:      dpeg_arrival_simpleton_b, layout_basic, chequers_avenue, minivault_19,
          hex_tiny
D:2:      layout_basic, lemuel_another_geyser, uniq_sigmund,
          uniq_crazy_yiuf_cottage

Skill      XL: |  1  2  3 |
---------------+----------+-----
Summonings     | 5 |  5.6
Stealth        | 2 |  2.0
Fighting       | |  0.2
Short Blades   | |  0.4
Dodging        | |  2.4
Unarmed Combat | |  0.4
Spellcasting   | |  2.5

Action                   || total
-------------------------++-------
Melee: Unarmed           ||     7
       Short sword       ||    50
 Cast: Summon Small Mamm ||    14
       Call Imp          ||    12
       Call Canine Famil ||     2
Armor: Robe              ||    21
Dodge: Dodged            ||    63

Table legend: (Time is in decaauts)
 A = Elapsed time spent in this place.
 B = Non-inter-level travel time spent in this place.
 C = Inter-level travel time spent in this place.
 D = Time resting spent in this place.
 E = Time spent auto-exploring this place.
 F = Levels seen in this place.
 G = Mean time per level.
                   A        B        C        D        E       F      G
               +--------+--------+--------+--------+--------+-----+--------+
         Total |   2180 |   2180 |      0 |    301 |   1436 |   2 | 1090.0 |
       Dungeon |   2180 |   2180 |      0 |    301 |   1436 |   2 | 1090.0 |
               +--------+--------+--------+--------+--------+-----+--------+

Top non-repeatable levels by time:
     D:1: 1538 daAuts
     D:2: 641 daAuts
